 Dungeon Crawl Stone Soup version 0.31.0-32-g396128a36d (webtiles) character file.

Game seed: 9095890395665493986

27 Peloso the Covered (level 2, -1/27 HPs)
             Began as a Minotaur Fighter on Mar 24, 2024.
             Slain by Terence
             ... wielding a +0 hand axe
              (5 damage)
             ... on level 2 of the Dungeon.
             The game lasted 00:01:45 (918 turns).

Peloso the Covered (Minotaur Fighter)                Turns: 918, Time: 00:01:45

Health: -1/27      AC: 11    Str: 20    XL:     2   Next: 93%
Magic:  1/1        EV:  5    Int:  5    God:
Gold:   68         SH:  4    Dex:  9    Spells: 1/1 levels left

rFire   . . .        a - +0 long sword
rCold   . . .        d - +0 buckler
rNeg    . . .        h - +0 plate armour
rPois   .            (helmet restricted)
rElec   .            (no cloak)
rCorr   .            (no gloves)
SInv    .            (no boots)
Will    .....        (no amulet) Stlth
                     (no ring)
HPRegen 0.24/turn    (no ring)
MPRegen 0.07/turn

%: no passive effects
@: no status effects
A: horns 2, retaliatory headbutt
a: no special abilities


You were on level 2 of the Dungeon.
You visited 1 branch of the dungeon, and saw 2 of its levels.

You collected 68 gold pieces.

Inventory:

Hand Weapons
 a - a +0 long sword (weapon)
 b - a +0 long sword
Armour
 c - a +0 scale mail
 d - a +0 buckler (worn)
 h - a +0 plate armour (worn)
Jewellery
 g - a ring of wizardry
Potions
 e - a potion of curing
 f - a potion of might


   Skills:
 + Level 4.0 Fighting
 + Level 3.0 Long Blades
 + Level 4.1 Armour
 + Level 3.9 Shields


You had one spell level left.
You didn't know any spells.
Your spell library contained the following spells:

 Spells                   Type           Power      Damage    Failure   Level
 Mercury Vapours          Alch/Air       0%         N/A       100%        2
 Mephitic Cloud           Conj/Alch/Air  0%         N/A       100%        3
 Ozocubu's Armour         Ice            0%         N/A       100%        3
 Freezing Cloud           Conj/Ice/Air   0%         6-21      100%        5
 Metabolic Englaciation   Hex/Ice        0%         N/A       100%        5
 Sculpt Simulacrum        Ice/Alch       0%         N/A       100%        6


Dungeon Overview and Level Annotations

Branches:
Dungeon (2/15)

Altars:

Annotations:
D:2 Terence


Innate Abilities, Weirdness & Mutations

You have a pair of horns on your head.
You reflexively headbutt those who attack you in melee.


Message History

Terence attacks as he pursues you! Terence barely misses you.
Terence attacks as he pursues you! Terence closely misses you.
Terence attacks as he pursues you! Terence hits you with a +0 hand axe.
You closely miss Terence. Terence hits you but does no damage.
You barely miss Terence. Terence hits you with a +0 hand axe.
Terence shouts, "ATTACK!!!"
Terence hits you with a +0 hand axe.
You hit Terence.
Terence is lightly wounded.
You block Terence's attack.
You hit Terence but do no damage. You headbutt Terence.
Terence is moderately wounded.
Terence barely misses you.
You hit Terence but do no damage.
Terence is moderately wounded.
Terence hits you but does no damage.
You hit Terence. You headbutt Terence.
Terence is severely wounded.
Terence hits you with a +0 hand axe.
Terence screams, "I'm going to kill you!"
Terence hits you with a +0 hand axe.
You hit Terence but do no damage.
Terence is severely wounded.
Terence hits you with a +0 hand axe.
* * * LOW HITPOINT WARNING * * *
You barely miss Terence. Your headbutt misses Terence.
Terence is severely wounded.
You block Terence's attack.
You closely miss Terence.
Terence is severely wounded.
Terence shouts, "DIE!!!"
Terence hits you with a +0 hand axe.
* * * LOW HITPOINT WARNING * * *
Terence hits you with a +0 hand axe.
* * * LOW HITPOINT WARNING * * *
You hit Terence but do no damage.
Terence is severely wounded.
Terence hits you with a +0 hand axe.
You die...
Terence says, "Rest in peace."

# #.### ##....#
###...#######...... .
........##....#.... .##
##....#....#..... ..#
##....#......... #.###
...........##.# ##...#####
##.#..........### ##...>.....
#....###........#####..........
...###...######.@@l.....†......
..# #..### #####............ #.
#..# #..........(. # #..#
#............ ..# ##...........
.. ##.......... ##.........
##########


You could see Terence and a frilled lizard.

Vanquished Creatures
  3 endoplasms
  A giant cockroach (D:1)
  3 goblins
  3 hobgoblins (D:1)
  A quokka (D:1)
  A ball python (D:1)
  5 bats
  A frilled lizard (D:1)
  A kobold (D:1)
  7 rats
26 creatures vanquished.

Notes
Turn   | Place    | Note
-------+----------+-------------------------------------------
     0 | D:1      | Peloso the Minotaur Fighter began the quest for the Orb.
     0 | D:1      | Reached XP level 1. HP: 19/19 MP: 0/0
   261 | D:1      | Reached XP level 2. HP: 27/27 MP: 1/1
   898 | D:2      | Noticed Terence
   918 | D:2      | Slain by Terence

Illustrated notes

Levels and vault maps discovered:
D:1:      giann_bridges, layout_basic
D:2:      layout_rooms, minmay_vboxes, uniq_terence

Skill      XL: |  1  2 |
---------------+-------+-----
Armour         | 4 |  4.1
Fighting       | 4 |  4.0
Long Blades    | 3 |  3.0
Shields        | |  3.9

Action                     || total
---------------------------++-------
  Melee: Long sword        ||    65
         Headbutt          ||     7
    Use: Scroll            ||     1
 Armour: Scale mail        ||     5
         Plate armour      ||    59
  Dodge: Dodged            ||    28
  Block: Buckler           ||    23
